 Dungeon Crawl Stone Soup version 0.18.1-50-g88ac8fd (webtiles) character file.

31 Gianozzolo the Ruffian (level 3, 0/31 HPs)
             Began as a Naga Transmuter on Nov 13, 2017.
             Slain by a gnoll
             ... wielding a +0 spear
              (9 damage)
             ... on level 2 of the Dungeon.
             The game lasted 00:02:18 (1136 turns).

Gianozzolo the Ruffian (Naga Transmuter)            Turns: 1136, Time: 00:02:19

Health: 0/31       AC:  3    Str: 12    XL:     3   Next: 22%
Magic:  4/6        EV: 10    Int: 14    God:
Gold:   80         SH:  0    Dex: 11    Spells: 2 memorised, 2 levels left

rFire  . . .     SeeInvis +       - Unarmed
rCold  . . .     Gourm    .     b - +0 robe
rNeg   . . .     Faith    .     (no shield)
rPois  +         Spirit   .     (no helmet)
rElec  .         Dismiss  .     g - +0 cloak
rCorr  .         Reflect  .     (no gloves)
SustAt .         Harm     .     (no barding)
MR     .....                    (no amulet)
Stlth  +.........               (no ring)
                                (no ring)

@: appendage (expiring), very slow, not resistant to hostile enchantments, very
unstealthy
A: horns 2, see invisible, deformed body, poison resistance, slowness 2, slow
metabolism 1, spit poison 2, AC +1
a: Spit Poison, End Transformation


You were on level 2 of the Dungeon.
You were hungry.
You had grown temporary horns.
You visited 1 branch of the dungeon, and saw 2 of its levels.

You collected 80 gold pieces.

Inventory:

Armour
 b - a +0 robe (worn)
 g - a +0 cloak (worn)
Scrolls
 e - a scroll of teleportation {unknown}
 i - a scroll of magic mapping {unknown}
 j - a scroll of identify {unknown}
Potions
 a - a potion of magic {unknown}
Books
 c - a book of Changes

   Spells                             Type                      Level
   a - Beastly Appendage              Transmutation                1
   b - Sticks to Snakes               Transmutation                2
   c - Spider Form                    Transmutation/Poison         3
   d - Ice Form                       Ice/Transmutation            4
   e - Blade Hands                    Transmutation                5
Comestibles
 d - a bread ration
 f - 4 fruits
 h - a beef jerky
 k - a chunk of flesh


   Skills:
 - Level 1.0 Fighting
 - Level 1.5 Dodging
 + Level 3.4 Unarmed Combat
 - Level 2.0 Spellcasting
 * Level 3.0 Transmutations
 + Level 0.6 Poison Magic


You had 2 spell levels left.
You knew the following spells:

 Your Spells              Type           Power        Failure   Level  Hunger
a - Beastly Appendage     Trmt           #.....       10%         1    ##.....
b - Spider Form           Trmt/Pois      #.........   38%         3    ####...


Dungeon Overview and Level Annotations

Branches:
Dungeon (2/15)

Altars:


Innate Abilities, Weirdness & Mutations

You cannot wear boots.
Your serpentine skin is tough (AC +1).
You have supernaturally acute eyesight.
Armour fits poorly on your strangely shaped body.
Your system is resistant to poisons.
You cover ground very slowly.
You have a slow metabolism.
You can spit poison.
You have a pair of horns on your head.


Message History

No target in view!
No target in view!
A gnoll comes into view. It is wielding a spear.
Your transformation is almost over.
The gnoll shouts!
The bat hits you but does no damage.
There are monsters nearby!
There are monsters nearby!
You are feeling hungry.
The bat hits you but does no damage.
A goblin comes into view.
The goblin shouts!
The bat hits you but does no damage.
The gnoll shouts!
The bat closely misses you. The bat closely misses you.
The gnoll hits you from afar with a spear!
* * * LOW HITPOINT WARNING * * *
The gnoll hits you from afar with a spear!
You die...

. .#..# .##.#..# #
......g. #.#......#
###.#...#..#
#....g.....# ###
###.###.g###.. ...
#.....b..........#
...#.##@......###.##
#.##.#.######...#
#..†...# #...#
####.### #.<.#
####.#### #...#
#.......# #...#####
#...†...# #........
#.#.....#####....####
#.###.................


You could see a gnoll, a goblin and a bat.

Vanquished Creatures
  A worm (D:2)
  2 ball pythons
  3 bats
  3 hobgoblins (D:1)
  4 giant newts (D:1)
  4 goblins
  5 kobolds
  8 rats
30 creatures vanquished.

Notes
Turn   | Place    | Note
--------------------------------------------------------------
     0 | D:1      | Gianozzolo the Naga Transmuter began the quest for the Orb.
     0 | D:1      | Reached XP level 1. HP: 18/18 MP: 3/3
   419 | D:1      | Reached XP level 2. HP: 25/25 MP: 3/5
  1069 | D:2      | Reached XP level 3. HP: 31/31 MP: 4/6
  1074 | D:2      | Learned a level 3 spell: Spider Form
  1136 | D:2      | Slain by a gnoll

Skill      XL: |  1  2 |
---------------+-------+-----
Transmutations | 3 |  3.0
Fighting       | |  1.0
Dodging        | |  1.5
Unarmed Combat | |  3.4
Spellcasting   | |  2.0
Poison Magic   | |  0.6

Action                   || total
-------------------------++-------
Melee: Unarmed           ||    77
       Headbutt          ||     2
 Cast: Beastly Appendage ||    18
       Spider Form       ||     1
 Abil: Spit Poison       ||    10
 Stab: Sleeping          ||     1
  Eat: Chunk             ||     1
Armor: Robe              ||    12
Dodge: Dodged            ||    36
